 Dungeon Sprint DCSS version 0.21.1-1-g345015fe64 (webtiles) character file.

246 Groucho the Covert (level 5, 0/24 HPs)
             Began as a Spriggan Enchanter on Apr 15, 2018.
             Was an Elder of Dithmenos.
             Slain by a fire bat (8 damage)
             ... in the Dungeon (Sprint VII: "The Pits").
             The game lasted 00:02:37 (1295 turns).

Groucho the Covert (Spriggan Enchanter)             Turns: 1295, Time: 00:02:38

Health: 0/24       AC:  2    Str:  5    XL:     5   Next: 84%
Magic:  9/16       EV: 18    Int: 17    God:    Dithmenos [****..]
Gold:   0          SH:  0    Dex: 16    Spells: 16/19 levels left

rFire    . . .     SeeInvis +   e - +2 dagger
rCold    . . .     Gourm    .   (shield restricted)
rNeg     . . .     Faith    .   b - +0 robe
rPois    .         Spirit   .   (helmet restricted)
rElec    .         Reflect  .   (no cloak)
rCorr    .         Harm     .   (gloves unavailable)
MR       .....     NoTele   +   (boots unavailable)
Stlth    ++++++++..             (no amulet)
HPRegen  0.08/turn              (no ring)
MPRegen  0.15/turn              (no ring)

@: very slightly contaminated, wreathed by umbra, invisible (expiring), very
quick
A: very small, unfitting armour, see invisible, herbivore, speed 3, slow
metabolism 2
a: Shadow Step, Renounce Religion


You were in the Dungeon.
You worshipped Dithmenos.
Dithmenos was greatly pleased with you.
You were not hungry.

You visited 1 branch

Inventory:

Hand Weapons
 e - a +2 dagger (weapon)
 o - a +0 dagger of electrocution
Missiles
 m - 8 stones (quivered)
Armour
 b - a +0 robe (worn)
Scrolls
 g - 3 scrolls of remove curse
 j - a scroll of blinking
 k - 5 scrolls of amnesia
 l - a scroll of summoning
Potions
 a - a potion of invisibility
 f - 5 potions of heal wounds
 h - 4 potions of magic
 i - 3 potions of berserk rage
 n - 5 potions of curing
Books
 c - a book of Maledictions

   Spells                             Type                      Level
   a - Corona                         Hexes                        1
   b - Ensorcelled Hibernation        Hexes/Ice                    2
   c - Confuse                        Hexes                        3
   d - Tukima's Dance                 Hexes                        3
   e - Dazzling Spray                 Conjuration/Hexes            3
Comestibles
 d - 9 rations


   Skills:
 - Level 1.1 Short Blades
 - Level 3.0 Dodging
 * Level 13.4 Stealth
 + Level 7.7 Spellcasting
 + Level 8.1 Hexes


You had 16 spell levels left.
You knew the following spells:

 Your Spells              Type           Power        Failure   Level  Hunger
a - Corona                Hex            ####...      1%          1    None
b - Ensorcelled Hibernat  Hex/Ice        ###...       3%          2    None


Dungeon Overview and Level Annotations

Branches:
Dungeon (1/1)

Altars:
Ashenzari
Cheibriados
Dithmenos
Elyvilon
Fedhas
Gozag
Hepliaklqana
Kikubaaqudgha
Makhleb
Nemelex Xobeh
Okawaru
Qazlal
Ru
Sif Muna
Trog
Uskayaw
Vehumet
Wu Jian
Xom
Yredelemnul
Zin
The Shining One
Beogh
Jiyva
Lugonu


Innate Abilities, Weirdness & Mutations

You are very small and have problems with some larger weapons.
You are too small for most types of armour.
You have supernaturally acute eyesight. (SInv)
You are a herbivore.
You cover ground extremely quickly.
You need consume almost no food.


Message History

You kill Sigmund!
Dithmenos accepts your kill.
Dithmenos appreciates your extinguishing a source of fire.
Your shadow now sometimes tangibly mimics your actions.
Your Stealth skill gained 3 levels and is now at level 13!
Your Spellcasting skill gained 2 levels and is now at level 7!
Your Hexes skill gained 2 levels and is now at level 8!
You have reached level 5!
You feel clever.
You flicker for a moment.
The fire bat barely misses you.
Casting: Ensorcelled Hibernation
Confirm with . or Enter, or press ? or * to list all spells.
Aiming: Ensorcelled Hibernation
Press: ? - help, Shift-Dir - straight line, f - fire bat
Aim: a fire bat (umbra, chance to defeat MR: 59%)
The fire bat resists with significant effort.
The fire bat bites you.
You are engulfed in flames!
The fire bat bites you.
You are engulfed in flames!
You die...

#)#.....#).#####'###
#.###'###))##.......
#.#...[.#))##.......
#.#..รท..#..##.......
#.####'##'###...<...
#[#........##.......
#.#).......##.......
#'###########.......
#..@boo.# ########
#...#...# #...# ..#
#.##(# Z# #.( #.. #
#.. ... #.. ..+ ####
###


You could see a fire bat, an orc priest, an orc and a bat skeleton (wandering).

Vanquished Creatures
  Sigmund (D)
  An orc priest (D)
  A worker ant (D)
  A gnoll (D)
  2 adders (D)
  An ooze (D)
  3 orcs (D)
  2 goblins (D)
  2 frilled lizards (D)
  A rat (D)
15 creatures vanquished.

Notes
Turn   | Place    | Note
-------+----------+-------------------------------------------
     0 | D        | Groucho the Spriggan Enchanter began the quest for the Orb.
     0 | D        | Reached XP level 1. HP: 9/9 MP: 5/5
    26 | D        | Reached skill level 6 in Stealth
    26 | D        | Reached XP level 2. HP: 10/13 MP: 5/7
    30 | D        | Found a bloodstained altar of Trog.
    30 | D        | Found a deep blue altar of Sif Muna.
    30 | D        | Found a viscous altar of Jiyva.
    30 | D        | Found a hazy altar of Hepliaklqana.
    30 | D        | Found an opulent altar of Gozag.
    62 | D        | Found a glowing golden altar of the Shining One.
    62 | D        | Found a glowing silver altar of Zin.
    62 | D        | Found a basalt altar of Yredelemnul.
    62 | D        | Found a shimmering altar of Xom.
    62 | D        | Found an ornate altar of the Wu Jian Council.
    62 | D        | Found a sacrificial altar of Ru.
    62 | D        | Found a stormy altar of Qazlal.
    62 | D        | Found an iron altar of Okawaru.
    62 | D        | Found a sparkling altar of Nemelex Xobeh.
    62 | D        | Found a burning altar of Makhleb.
    62 | D        | Found a blossoming altar of Fedhas.
    62 | D        | Found a white marble altar of Elyvilon.
    62 | D        | Found a shadowy altar of Dithmenos.
    62 | D        | Found a snail-covered altar of Cheibriados.
    65 | D        | Found a corrupted altar of Lugonu.
    65 | D        | Found a radiant altar of Vehumet.
    65 | D        | Found a roughly hewn altar of Beogh.
    66 | D        | Found an ancient bone altar of Kikubaaqudgha.
    66 | D        | Found a hide-covered altar of Uskayaw.
    66 | D        | Found a shattered altar of Ashenzari.
    76 | D        | Became a worshipper of Dithmenos the Shadowed
   117 | D        | Learned a level 2 spell: Ensorcelled Hibernation
   118 | D        | Reached skill level 7 in Stealth
   398 | D        | Reached * piety under Dithmenos
   414 | D        | Reached skill level 8 in Stealth
   414 | D        | Reached skill level 5 in Hexes
   414 | D        | Reached XP level 3. HP: 16/16 MP: 7/10
   428 | D        | Reached ** piety under Dithmenos
   784 | D        | Reached skill level 9 in Stealth
   785 | D        | Reached skill level 5 in Spellcasting
   844 | D        | Noticed a fire bat
  1256 | D        | Noticed Sigmund
  1278 | D        | Reached *** piety under Dithmenos
  1278 | D        | Reached skill level 10 in Stealth
  1278 | D        | Reached XP level 4. HP: 1/21 MP: 10/12
  1294 | D        | Killed Sigmund
  1294 | D        | Reached **** piety under Dithmenos
  1294 | D        | Reached skill level 13 in Stealth
  1294 | D        | Reached XP level 5. HP: 24/24 MP: 10/16
  1295 | D        | Slain by a fire bat

Skill      XL: |  1  2  3  4 |
---------------+-------------+-----
Stealth        | 6 8 10 13 | 13.4
Spellcasting   | 3 4 5 7 |  7.7
Hexes          | 4 5 6 8 |  8.1
Short Blades   | |  1.1
Dodging        | |  3.0

Action                   |  1- 3 |  4- 6 || total
-------------------------+-------+-------++-------
Melee: Dagger            |    36 |     8 ||    44
Throw: Stone             |     3 |       ||     3
 Cast: Ensorcelled Hiber |    11 |     2 ||    13
  Use: Potion            |     3 |     1 ||     4
 Stab: Sleeping          |     6 |     1 ||     7
       Invisible         |     2 |     3 ||     5
Armor: Robe              |     2 |       ||     2
Dodge: Dodged            |    23 |     7 ||    30
